 Dungeon Crawl Stone Soup version 0.29.0-11-gd7f09526c8 (webtiles) character file.

Game seed: 3663401706440445764

44 Zonian the Poker (level 3, -2/27 HPs)
             Began as a Demonspawn Gladiator on Sept 5, 2022.
             Killed by nerve-wracking pain
             ... invoked by an orc priest
              (5 damage)
             ... on level 2 of the Dungeon.
             The game lasted 00:02:42 (2210 turns).

Zonian the Poker (Demonspawn Gladiator)             Turns: 2210, Time: 00:02:42

Health: -2/27      AC:  5    Str: 16    XL:     3   Next: 41%
Magic:  3/3        EV: 12    Int:  9    God:
Gold:   99         SH:  0    Dex: 14    Spells: 2/2 levels left

rFire   . . .      SeeInvis .   a - +0 trident
rCold   . . .      Faith    .   (no shield)
rNeg    . . .      Spirit   .   b - +0 leather armour
rPois   .          Reflect  .   c - +0 helmet
rElec   .          Harm     .   (no cloak)
rCorr   .          Rampage  .   p - +0 pair of gloves
Will    .....                   (no boots)
Stlth   +.........              (no amulet)
HPRegen 0.09/turn               (no ring)
MPRegen 0.08/turn               (no ring)

@: flying
A: powered by pain 2
a: no special abilities


You were on level 2 of the Dungeon.
You visited 1 branch of the dungeon, and saw 2 of its levels.

You collected 99 gold pieces.

Inventory:

Hand Weapons
 a - a +0 trident (weapon)
Missiles
 d - a throwing net (quivered)
 e - a javelin
Armour
 b - a +0 leather armour (worn)
 c - a +0 helmet (worn)
 p - a +0 pair of gloves (worn)
Scrolls
 h - 2 scrolls of brand weapon {unknown}
 l - 2 scrolls of teleportation {unknown}
 o - 3 scrolls of poison {unknown}
 q - a scroll of magic mapping {unknown}
 r - a scroll of torment {unknown}
 s - a scroll of identify {unknown}
 u - a scroll of blinking {unknown}
Potions
 f - a potion of lignification {unknown}
 g - a potion of berserk rage {unknown}
 i - a potion of heal wounds {unknown}
 j - a potion of haste {unknown}
 k - a potion of curing {unknown}
 m - a potion of degeneration {unknown}
 n - a potion of invisibility {unknown}


   Skills:
 - Level 2.0 Fighting
 + Level 4.0 Polearms
 - Level 1.8 Throwing
 - Level 2.7 Dodging


You had 2 spell levels left.
You didn't know any spells.
Your spell library contained the following spells:

 Spells                   Type           Power      Damage    Failure   Level
 Sublimation of Blood     Necr           0%         N/A       58%         2
 Wereblood                Tmut           0%         N/A       58%         2
 Dazzling Flash           Conj/Hex       0%         N/A       83%         3
 Iskenderun's Mystic Bla  Conj/Tloc      0%         2d3       99%         4
 Starburst                Conj/Fire      0%         6d3       100%        6
 Summon Hydra             Summ           0%         N/A       100%        7


Dungeon Overview and Level Annotations

Branches:
Dungeon (2/15)

Altars:
Trog


Innate Abilities, Weirdness & Mutations

You sometimes gain power by taking damage.


Message History

The orc is moderately wounded.
The orc priest mumbles some strange prayers to Beogh against you.
Beogh smites you! The orc barely misses you.
You hit the orc.
The orc is almost dead.
The orc hits you with a +0 dagger.
You hit the orc.
You kill the orc!
The orc barely misses you.
Your Polearms skill increases to level 4!
Unknown command.
Throw: 3 throwing nets
Press: ? - help, Q - select action, (/) - cycle Shift-Dir - straight line, f - orc
Aim: an orc, wielding a +0 war axe (59% to hit)
You throw a throwing net. The throwing net hits the orc.
The orc is caught in the net!
Unknown command.
You hit the orc.
The orc is heavily wounded.
The orc struggles against the net.
The orc priest mumbles some strange prayers to Beogh against you.
Beogh smites you!
* * * LOW HITPOINT WARNING * * *
The orc struggles against the net.
It was a potion of flight.
You feel very buoyant.
You fly up into the air.
The orc struggles against the net.
You strike the helpless orc from behind!
You puncture the orc!
You kill the orc!
An endoplasm comes into view.
Unknown command.
Throw: 2 throwing nets
Press: ? - help, Q - select action, (/) - cycle Shift-Dir - straight line, f - orc priest
Aim: an orc priest, wielding a +0 hand axe and wearing a +0 chain mail (67% to hit)
You throw a throwing net. The throwing net hits the orc priest.
The orc priest is caught in the net!
The orc priest mumbles some strange prayers to Beogh against you.
Pain shoots through your body!
You die...

# ##............. #
#..######.##.. ## #..#
###.##J# #.# .# #..#
##...##.####....# .#
#..###.#.###..........
.###.[.).###.....#.......
..##...##.#.####.#.8...8.
..#....>##.## #o#...o...
............# #@#.o....o
###.....##..####.#....o..
##...#.......#.#.8...8.
##............#.......
####.#..##.#.#
#.#..##.#.##
#.......#..###
#.####........
#.####..#####.


You could see an orc priest (caught) and an endoplasm.

Vanquished Creatures
  2 orcs (D:2)
  2 bats
  5 endoplasms
  2 giant cockroaches (D:1)
  2 goblins (D:2)
  4 hobgoblins
  2 jackals (D:1)
  3 kobolds
  4 quokkas
  5 ball pythons
  2 frilled lizards (D:1)
  3 rats
36 creatures vanquished.

Notes
Turn   | Place    | Note
-------+----------+-------------------------------------------
     0 | D:1      | Zonian the Demonspawn Gladiator began the quest for the
                  | Orb.
     0 | D:1      | Reached XP level 1. HP: 16/16 MP: 1/1
    73 | D:1      | Found a faded altar of an unknown god.
   275 | D:1      | Reached skill level 3 in Polearms
   291 | D:1      | Gained mutation: You sometimes gain a little power by
                  | taking damage. [demonic ancestry]
   291 | D:1      | Reached XP level 2. HP: 14/22 MP: 2/2
  1782 | D:2      | Gained mutation: You sometimes gain power by taking damage.
                  | [demonic ancestry]
  1782 | D:2      | Reached XP level 3. HP: 25/27 MP: 3/3
  2169 | D:2      | Found a bloodstained altar of Trog.
  2206 | D:2      | Reached skill level 4 in Polearms
  2210 | D:2      | Killed from afar by an orc priest

Illustrated notes

Levels and vault maps discovered:
D:1:      lemuel_arrival_funnel, layout_basic,
          dreamdust_ecumenical_altar_statues, minmay_misc_feat_cross
D:2:      cheibrodos_pilgrimage, layout_loops_ring, basic_altar,
          grunt_ministairs_15

Skill      XL: |  1  2  3 |
---------------+----------+-----
Polearms       | 3 4 |  4.0
Fighting       | |  2.0
Throwing       | |  1.8
Dodging        | |  2.7

Action                   || total
-------------------------++-------
Melee: Trident           ||   104
       Punch             ||     2
Throw: Throwing net      ||     4
  Use: Potion            ||     1
 Stab: Sleeping          ||     1
       Held in net/web   ||     1
Armor: Leather armour    ||    25
Dodge: Dodged            ||    37
